 Dungeon Crawl Stone Soup version 0.22-a0-515-g75794bf (webtiles) character file.

100 pk666 the Magician (level 4, -4/24 HPs)
             Began as a Deep Elf Fire Elementalist on June 20, 2018.
             Blown up by Ijyb (6 damage)
             ... with a wand of disintegration (12)
             ... on level 3 of the Dungeon.
             The game lasted 00:03:33 (1725 turns).

pk666 the Magician (Deep Elf Fire Elementalist)     Turns: 1725, Time: 00:03:33

Health: -4/24      AC:  5    Str:  5    XL:     4   Next: 46%
Magic:  4/12       EV: 13    Int: 21    God:
Gold:   118        SH:  0    Dex: 15    Spells: 3/11 levels left

rFire    . . .     SeeInvis .   (no weapon)
rCold    . . .     Gourm    .   (no shield)
rNeg     . . .     Faith    .   a - +0 robe
rPois    .         Spirit   .   (no helmet)
rElec    .         Reflect  .   (no cloak)
rCorr    .         Harm     .   j - +2 pair of gloves {archery}
MR       .....                  (no boots)
Stlth    ++........             (no amulet)
HPRegen  0.08/turn              (no ring)
MPRegen  0.13/turn              (no ring)

@: no status effects
A: no striking features
a: no special abilities


You were on level 3 of the Dungeon.
You were not hungry.

You visited 1 branch of the dungeon, and saw 3 of its levels.

You collected 118 gold pieces.

Inventory:

Armour
 a - a +0 robe (worn)
 j - a +2 pair of gloves of archery (worn)
Jewellery
 d - a +4 ring of intelligence {unknown}
Scrolls
 b - a scroll of random uselessness {unknown}
 g - a scroll of identify {unknown}
 h - 2 scrolls of magic mapping {unknown}
Potions
 e - a potion of curing {unknown}
 f - a potion of flight {unknown}
 i - a potion of agility {unknown}
 l - 2 potions of lignification {unknown}
Comestibles
 c - 7 rations
 k - 4 chunks of flesh


   Skills:
 - Level 2.4 Dodging
 - Level 2.4 Stealth
 + Level 4.1 Spellcasting
 * Level 3.5 Conjurations
 + Level 4.0 Fire Magic


You had 3 spell levels left.
You knew the following spells:

 Your Spells              Type           Power        Failure   Level  Hunger
a - Flame Tongue          Conj/Fire      ###..        2%          1    None
b - Sticky Flame          Conj/Fire      ###.....     26%         4    ####...
c - Conjure Flame         Conj/Fire      ###.....     8%          3    ###....

Your spell library contained the following spells:

 Spells                   Type           Power        Failure   Level  Hunger
 Fireball                 Conj/Fire      ###.......   56%         5    ######.
 Throw Flame              Conj/Fire      ###...       3%          2    #......
 Inner Flame              Hex/Fire       ##......     16%         3    ###....


Dungeon Overview and Level Annotations

Branches:
Dungeon (3/15)

Altars:

Annotations:
D:3 Ijyb


Message History

Ijyb is moderately wounded.
Casting: Flame Tongue (safe; 2% risk of failure)
Confirm with . or Enter, or press ? or * to list all spells.
Aiming: Flame Tongue (safe; 2% risk of failure)
Press: ? - help, Shift-Dir - straight line, f/p - Ijyb
Aim: Ijyb, wielding a dagger, wearing a leather armour and carrying a wand of disintegration (13) (moderately wounded)
The flame tongue hits Ijyb.
Ijyb is heavily wounded.
Ijyb zaps a wand.
You are blasted!
Ouch! That really hurt!
* * * LOW HITPOINT WARNING * * *
Casting: Flame Tongue (safe; 2% risk of failure)
Confirm with . or Enter, or press ? or * to list all spells.
Aiming: Flame Tongue (safe; 2% risk of failure)
Press: ? - help, Shift-Dir - straight line, f/p - Ijyb
Aim: Ijyb, wielding a dagger, wearing a leather armour and carrying a wand of disintegration (12) (heavily wounded)
The flame tongue hits Ijyb.
Ijyb is almost dead.
Ijyb zaps a wand.
You are blasted!
You die...

##############
...........).######
#....)######......##############
#####..÷...######..............##
######.†...###############...
#####..######## #### #
##.....)..#######
.......#########.##....#
######......g§..@.####.##....#
#............####............#
.......### #########....#
........# ###### ..g.....#
........# .<......# ........#
.........


You could see Ijyb.

Vanquished Creatures
  An orc priest (D:3)
  3 adders (D:2)
  A dart slug (D:1)
  2 leopard geckos
  2 orcs
  A ball python (D:3)
  3 giant cockroaches
  6 goblins
  4 hobgoblins
  7 bats
  2 frilled lizards (D:3)
  2 kobolds (D:2)
  5 rats (D:1)
39 creatures vanquished.

Notes
Turn   | Place    | Note
-------+----------+-------------------------------------------
     0 | D:1      | pk666 the Deep Elf Fire Elementalist began the quest for the Orb.
     0 | D:1      | Reached XP level 1. HP: 10/10 MP: 6/6
   182 | D:1      | Reached XP level 2. HP: 15/15 MP: 2/8
   613 | D:2      | Reached XP level 3. HP: 15/19 MP: 3/10
  1217 | D:3      | Reached XP level 4. HP: 24/24 MP: 9/12
  1349 | D:2      | Learned a level 4 spell: Sticky Flame
  1353 | D:2      | Learned a level 3 spell: Conjure Flame
  1377 | D:3      | Noticed Ijyb
  1725 | D:3      | Blown up by Ijyb

Vault maps used:
D:1:      dpeg_arrival_solitude, serial_curves, eino_curves_02, eino_curves_02
D:3:      uniq_ijyb, uniq_natasha, uniq_jessica

Skill      XL: |  1  2  3 |
---------------+----------+-----
Conjurations   | 2 3 |  3.5
Spellcasting   | 4 |  4.1
Fire Magic     | 4 |  4.0
Dodging        | |  2.4
Stealth        | |  2.4

Action                   |  1- 3 |  4- 6 || total
-------------------------+-------+-------++-------
 Cast: Flame Tongue      |    40 |    29 ||    69
       Conjure Flame     |       |     1 ||     1
  Eat: Chunk             |     1 |     1 ||     2
Armor: Robe              |     3 |     1 ||     4
Dodge: Dodged            |    10 |     3 ||    13

Table legend:
 A = Spawn XP
 B = Non-spawn XP
 C = Spawn XP percentage of total XP
 D = Spawn monster count
 E = Non-spawn monster count
 F = Spawn count percentage of total count
 G = Total turns spent on level
                    A         B        C        D         E        F      G
               +---------+---------+-------+---------+---------+-------+---------
         Total |       0 |     143 |   0.0 |       0 |      39 |   0.0 |  1725
               +---------+---------+-------+---------+---------+-------+---------
           D:1 |       0 |      30 |   0.0 |       0 |      18 |   0.0 |   604
           D:2 |       0 |      57 |   0.0 |       0 |      11 |   0.0 |   959
           D:3 |       0 |      56 |   0.0 |       0 |      10 |   0.0 |   162
               +---------+---------+-------+---------+---------+-------+---------
